 Dungeon Crawl Stone Soup version 0.29.1-2-gbd0b4ee654 (webtiles) character file.

Game seed: 2574158700408540577

229 Icepheonix32 the Reanimator (level 5, 0/28 HPs)
             Began as a Deep Elf Necromancer on Oct 31, 2022.
             Slain by an ice beast (10 damage)
             ... on level 4 of the Dungeon.
             The game lasted 00:05:42 (3627 turns).

Icepheonix32 the Reanimator (Deep Elf Necromancer)  Turns: 3627, Time: 00:05:43

Health: 0/28       AC:  3    Str:  7    XL:     5   Next: 71%
Magic:  1/11       EV: 12    Int: 20    God:
Gold:   131        SH:  0    Dex: 15    Spells: 1/10 levels left

rFire   . . .      SeeInvis .   k - +2 hand axe (vorpal)
rCold   . . .      Faith    .   (no shield)
rNeg    . . .      Spirit   .   a - +0 robe
rPois   .          Reflect  .   o - +0 helmet
rElec   .          Harm     .   (no cloak)
rCorr   .          Rampage  .   (no gloves)
Will    .....                   (no boots)
Stlth   ++........              (no amulet)
HPRegen 0.09/turn               (no ring)
MPRegen 0.12/turn               (no ring)

@: lethally poisoned (0 -> -6), animating dead
A: no striking features
a: no special abilities


You were on level 4 of the Dungeon.
You visited 1 branch of the dungeon, and saw 4 of its levels.

You collected 175 gold pieces.
You spent 44 gold pieces at shops.

Inventory:

Hand Weapons
 f - a +0 dagger
 k - a +2 vorpal hand axe (weapon)
Missiles
 s - 5 boomerangs
Armour
 a - a +0 robe (worn)
 o - a +0 helmet (worn)
 q - a +0 scale mail of poison resistance
Jewellery
 t - an amulet of the acrobat
Wands
 p - a wand of mindburst (9)
 r - a wand of polymorph (9)
Scrolls
 e - 5 scrolls of identify {unknown}
 i - a scroll of teleportation {unknown}
 j - a scroll of brand weapon {unknown}
 m - a scroll of amnesia {unknown}
 n - a scroll of immolation {unknown}
Potions
 b - 2 potions of flight {unknown}
 c - 2 potions of haste {unknown}
 d - a potion of invisibility {unknown}
 g - 4 potions of curing
 h - a potion of berserk rage {unknown}
 l - 2 potions of mutation {unknown}


   Skills:
 - Level 2.4 Dodging
 - Level 2.4 Stealth
 - Level 3.0 Spellcasting
 + Level 8.5 Necromancy


You had one spell level left.
You knew the following spells:

 Your Spells              Type           Power      Damage    Failure   Level
a - Necrotise             Necr           100%       1d9       1%          1
b - Vampiric Draining     Necr           37%        2d8       1%          3
c - Animate Dead          Necr           37%        N/A       4%          4
d - Shock                 Conj/Air       12%        1d3       14%         1

Your spell library contained the following spells:

 Spells                   Type           Power      Damage    Failure   Level
 Sublimation of Blood     Necr           37%        N/A       1%          2
 Agony                    Necr           37%        N/A       12%         5
 Wereblood                Tmut           3%         N/A       22%         2
 Swiftness                Air            3%         N/A       38%         3
 Airstrike                Air            1%         2d(1-17)  80%         4
 Summon Hydra             Summ           1%         N/A       100%        7


Dungeon Overview and Level Annotations

Branches:
Dungeon (4/15)
 Temple: D:4-7

Altars:

Shops:
D:1 (   D:2 !


Message History

You can't see any susceptible monsters within range! (Use Z to cast anyway.)
You can't see any susceptible monsters within range! (Use Z to cast anyway.)
You can't see any susceptible monsters within range! (Use Z to cast anyway.)
Your kobold skeleton completely misses the endoplasm.
The endoplasm hits your kobold skeleton.
The ice beast writhes in agony.
Your kobold skeleton hits the endoplasm but does no damage.
The endoplasm jiggles.
The endoplasm hits your kobold skeleton.
Your kobold skeleton is destroyed!
The ice beast writhes in agony.
The ice beast writhes in agony.
The ice beast closely misses you.
The ice beast writhes in agony.
The endoplasm freezes you.
You are frozen.
The ice beast hits you but does no damage.
The ice beast writhes in agony!
The ice beast barely misses you.
The endoplasm hits you but does no damage.
The ice beast barely resists.
The scorpion barely misses you.
The endoplasm hits you but does no damage.
The ice beast misses you.
Unknown command.
Casting: Necrotise (safe; 1% risk of failure)
Confirm with . or Enter, or press ? or * to list all spells.
The spell is quite dangerous to miscast (4% risk of failure)!
Continue anyway?
Okay, then.
Casting: Animate Dead (quite dangerous; 4% risk of failure)
Confirm with . or Enter, or press ? or * to list all spells.
The spell is quite dangerous to miscast (4% risk of failure)!
Continue anyway?
You call upon the dead to rise.
The scorpion stings you.
You are poisoned.
The scorpion poisons you! The endoplasm closely misses you.
The ice beast misses you. The scorpion barely misses you.
Unknown command.
You hit the ice beast.
The ice beast is severely wounded.
You barely miss the scorpion. You hit the endoplasm.
You feel very sick. The scorpion stings you. The ice beast hits you.
The ice beast freezes you!
You die...

#....# ##...#
#....####.<..#
#......##....####
########.##...........
.......................
#######..#.............
#.......#########
##....#### #.@...#
#.....JYs.##
#..##.....# #. ......##
#)...... ##...##..
.#..# ... ..#... ..>)


You could see an ice beast, a scorpion and an endoplasm.

Vanquished Creatures
  Pargi (D:3)
  Ijyb (D:3)
  3 gnolls (D:2)
  5 worms
  2 dart slugs (D:2)
  5 orcs (D:3)
  4 bats
  7 endoplasms
  A giant cockroach (D:3)
  3 goblins (D:1)
  8 hobgoblins
  2 quokkas
  5 ball pythons
  5 frilled lizards
  2 kobolds
  8 rats
62 creatures vanquished.

Vanquished Creatures (collateral kills)
  An orc (D:3)
  A ball python (D:1)
2 creatures vanquished.

Grand Total: 64 creatures vanquished

Notes
Turn   | Place    | Note
-------+----------+-------------------------------------------
     0 | D:1      | Icepheonix32 the Deep Elf Necromancer began the quest for
                  | the Orb.
     0 | D:1      | Reached XP level 1. HP: 10/10 MP: 6/6
    36 | D:1      | Reached skill level 5 in Necromancy
   211 | D:1      | Reached XP level 2. HP: 15/15 MP: 4/8
  1467 | D:1      | Found Mapn's Weapon Boutique.
  1476 | D:1      | Reached skill level 6 in Necromancy
  1627 | D:2      | Reached XP level 3. HP: 19/19 MP: 0/9
  1755 | D:2      | Found a faded altar of an unknown god.
  1897 | D:2      | Found Bassong's Distillery.
  1922 | D:2      | Bought a potion of curing for 33 gold pieces
  1968 | D:2      | Reached XP level 4. HP: 17/24 MP: 5/10
  2084 | D:2      | Bought a potion of degeneration for 11 gold pieces
  2466 | D:2      | Reached skill level 7 in Necromancy
  3010 | D:3      | Noticed Pargi
  3018 | D:3      | Learned a level 3 spell: Vampiric Draining
  3023 | D:3      | Learned a level 4 spell: Animate Dead
  3026 | D:3      | Learned a level 1 spell: Shock
  3039 | D:3      | Killed Pargi
  3040 | D:3      | Reached skill level 8 in Necromancy
  3040 | D:3      | Reached XP level 5. HP: 9/28 MP: 0/11
  3370 | D:3      | Noticed Ijyb
  3377 | D:3      | Killed Ijyb
  3618 | D:4      | Noticed an ice beast
  3627 | D:4      | Slain by an ice beast

Illustrated notes

Levels and vault maps discovered:
D:1:      nicolae_arrival_somewhat_less_tricky_arrival, layout_basic,
          serial_shops, nicolae_shop_bloodbath_and_beyond
D:2:      layout_rooms, basic_ecumenical_altar, serial_shops, shop,
          grunt_decor_mini_mirrors, lemuel_flame_loot_1
D:3:      layout_rooms, chequers_serial_rivers_marsh, uniq_ijyb, uniq_pargi
D:4:      layout_rooms, nicolae_titane

Skill      XL: |  1  2  3  4 |
---------------+-------------+-----
Necromancy     | 5 6 8 |  8.5
Dodging        | |  2.4
Stealth        | |  2.4
Spellcasting   | |  3.0

Action                   |  1- 3 |  4- 6 || total
-------------------------+-------+-------++-------
Melee: Unarmed           |     2 |       ||     2
       Dagger            |    11 |     1 ||    12
       Hand axe          |       |     5 ||     5
 Cast: Necrotise         |    78 |    56 ||   134
       Vampiric Draining |       |     3 ||     3
       Shock             |       |     4 ||     4
       Animate Dead      |       |     1 ||     1
  Use: Potion            |     1 |       ||     1
 Stab: Distracted        |     1 |       ||     1
       Sleeping          |       |     1 ||     1
Armor: Robe              |     4 |     7 ||    11
Dodge: Dodged            |    12 |    20 ||    32
